 Dungeon Crawl Stone Soup version 0.30-a0-778-g2ef04afb54 (webtiles) character file.

Game seed: 16627567646815830269

187 Shayle the Conjurer (level 5, 4/38 HPs)
             Began as a Demonspawn Conjurer on Feb 16, 2023.
             Quit the game on level 3 of the Dungeon.
             The game lasted 00:06:53 (3362 turns).

Shayle the Conjurer (Demonspawn Conjurer)           Turns: 3362, Time: 00:06:53

Health: 4/38       AC:  4    Str:  8    XL:     5   Next: 39%
Magic:  3/9        EV: 12    Int: 21    God:
Gold:   100        SH:  0    Dex: 11    Spells: 6/9 levels left

rFire   . . .      SeeInvis +    f - +1 hand axe (heavy)
rCold   . . .      Faith    .    (no shield)
rNeg    . . .      Spirit   .    a - +0 robe
rPois   .          Reflect  .    (helmet unavailable)
rElec   .          Harm     .    (no cloak)
rCorr   .          Rampage  .    i - +1 pair of gloves
Will    .....                    (no boots)
Stlth   ++                       (no amulet)
HPRegen 0.26/turn                (no ring)
MPRegen 0.11/turn                (no ring)

@: no status effects
A: antennae 3, weakness stinger 1
a: no special abilities


You were on level 3 of the Dungeon.
You visited 1 branch of the dungeon, and saw 4 of its levels.

You collected 100 gold pieces.

Inventory:

Hand Weapons
 e - a +0 hand axe
 f - a +1 heavy hand axe (weapon)
 o - a +2 whip of venom
Armour
 a - a +0 robe (worn)
 i - a +1 pair of gloves (worn)
Wands
 h - a wand of acid (12)
 n - a wand of flame (31)
Scrolls
 k - a scroll of teleportation
 m - a scroll of fear
Potions
 b - 3 potions of heal wounds
 c - a potion of magic
 d - a potion of might {unknown}
 g - a potion of lignification {unknown}
 j - a potion of cancellation {unknown}
 l - a potion of attraction {unknown}
 p - a potion of mutation {unknown}
 q - a potion of haste {unknown}


   Skills:
 + Level 1.9 Fighting
 + Level 2.7 Dodging
 + Level 2.8 Stealth
 + Level 2.8 Spellcasting
 + Level 4.6 Conjurations
 + Level 1.0 Air Magic


You had 6 spell levels left.
You knew the following spells:

 Your Spells              Type           Power      Damage    Failure   Level
a - Magic Dart            Conj           88%        1d7       1%          1
b - Searing Ray           Conj           44%        2d6       3%          2

Your spell library contained the following spells:

 Spells                   Type           Power      Damage    Failure   Level
 Shock                    Conj/Air       56%        1d6       4%          1
 Foxfire                  Conj/Fire      48%        2x1d6     5%          1
 Dazzling Flash           Conj/Hex       24%        N/A       16%         3
 Swiftness                Air            7%         N/A       26%         3
 Fulminant Prism          Conj/Hex       6%         3d7       45%         4
 Iskenderun's Mystic Bla  Conj/Tloc      12%        2d5       45%         4
 Iskenderun's Battlesphe  Conj           22%        2d8       50%         5
 Airstrike                Air            3%         2d(1-17)  65%         4
 Fireball                 Conj/Fire      6%         3d5       82%         5
 Conjure Ball Lightning   Conj/Air       7%         3x3d6     100%        6
 Starburst                Conj/Fire      6%         6d4       100%        6
 Orb of Destruction       Conj           11%        9d6       100%        7


Dungeon Overview and Level Annotations

Branches:
Dungeon (4/15)
 Temple: D:4-7

Altars:

Annotations:
D:3 1 runed translucent door, Crazy Yiuf


Innate Abilities, Weirdness & Mutations

You have a pair of large antennae on your head. (SInv)
You have a small tail.


Message History

There is a stone staircase leading down here.
You climb downwards.
There is a stone staircase leading up here.
Aiming: Corrosive Bolt
Press: ? - help, Shift-Dir - straight line, f - ogre
Aim: an ogre, wielding a +0 giant spiked club (asleep, 100% to hit)
The bolt of acid hits the ogre!
The acid corrodes the ogre!
The ogre is severely wounded.
The ogre shouts!
A necrophage comes into view.
Casting: Magic Dart (safe; 2% risk of failure)
Confirm with . or Enter, or press ? or * to list all spells.
Aiming: Searing Ray (safe; 3% risk of failure)
Press: ? - help, Shift-Dir - straight line, f/p - ogre
Aim: an ogre, wielding a +0 giant spiked club (severely wounded, covered in acid, 89% to hit)
Okay, then.
Casting: Searing Ray (safe; 3% risk of failure)
Confirm with . or Enter, or press ? or * to list all spells.
Aiming: Searing Ray (safe; 3% risk of failure)
Press: ? - help, Shift-Dir - straight line, f/p - ogre
Aim: an ogre, wielding a +0 giant spiked club (severely wounded, covered in acid, 89% to hit)
The searing ray hits the ogre!
The ogre is almost dead. (Press . to maintain the ray.)
The searing ray hits the ogre.
The ogre is almost dead.
The ogre hits you with a +0 giant spiked club!!
Ouch! That really hurt!
* * * LOW HITPOINT WARNING * * *
The searing ray hits the ogre!
You kill the ogre!
Your Air Magic skill increases to level 1!
You have reached level 5!
Your demonic ancestry asserts itself...
You grow a small tail.
There is a stone staircase leading up, spattered with blood here.
You climb upwards.
Level annotation: 1 runed translucent door, Crazy Yiuf
There is a stone staircase leading down here.
Are you sure you want to abandon this character and quit the game? (Confirm with "yes".)

#.# ####.## ########
#.....# #......#
#.##.## #.####.#
#.##.# #.# #.# #.##.#
#.# #.# #.##.#
#########.####.#####
#.##.#
................@..#
#.##.#
#########.#..#.#.###
#.##.# #.#..#.#.#
#.#..# #.#..#.#.#
#.#.## #######
#.#....#.# #.#.#
......#
#.#<####.######.#.###
......#
#...............#...#
......#
###..[...########.###
......#
#.####............#


There were no monsters in sight!

Vanquished Creatures
  An ogre (D:4)
  An orc wizard (D:3)
  A gnoll (D:1)
  An adder (D:2)
  4 orcs (D:3)
  8 ball pythons
  4 endoplasms
  3 giant cockroaches (D:2)
  3 hobgoblins
  8 jackals
  A quokka (D:3)
  5 bats
  3 goblins
  5 kobolds
  5 rats
53 creatures vanquished.

Notes
Turn   | Place    | Note
-------+----------+-------------------------------------------
     0 | D:1      | Shayle the Demonspawn Conjurer began the quest for the Orb.
     0 | D:1      | Reached XP level 1. HP: 13/13 MP: 3/3
   260 | D:1      | Discovered your monstrous ancestry.
   260 | D:1      | Gained mutation: You have a pair of small antennae on your
                  | head. [demonic ancestry]
   260 | D:1      | Reached XP level 2. HP: 20/20 MP: 0/5
   391 | D:1      | Learned a level 2 spell: Searing Ray
  1155 | D:2      | Reached skill level 1 in Fighting
  1155 | D:2      | Gained mutation: You have a pair of antennae on your head.
                  | [demonic ancestry]
  1155 | D:2      | Reached XP level 3. HP: 22/26 MP: 6/6
  2280 | D:3      | Gained mutation: You have a pair of large antennae on your
                  | head. (SInv) [demonic ancestry]
  2280 | D:3      | Reached XP level 4. HP: 23/32 MP: 7/7
  2948 | D:3      | Found a runed translucent door.
  2949 | D:3      | Noticed Crazy Yiuf
  3353 | D:4      | Noticed an ogre
  3354 | D:4      | Noticed a necrophage
  3358 | D:4      | Killed an ogre
  3359 | D:4      | Reached skill level 1 in Air Magic
  3359 | D:4      | Gained mutation: You have a small tail. [demonic ancestry]
  3359 | D:4      | Reached XP level 5. HP: 3/38 MP: 3/9
  3362 | D:3      | Quit the game

Illustrated notes

Levels and vault maps discovered:
D:1:      heliophobic_arrival_enchanted_forest, layout_loops_cross,
          minmay_tall_x
D:2:      layout_loops_cross
D:3:      layout_basic, uniq_crazy_yiuf_cottage
D:4:      cheibrodos_greedy_goblins, layout_rooms, lemuel_round_altar,
          minmay_temple_entry_tees, uniq_eustachio

Skill      XL: |  1  2  3  4 |
---------------+-------------+-----
Dodging        | 2 |  2.7
Stealth        | 2 |  2.8
Fighting       | 1 |  1.9
Air Magic      | 1 |  1.0
Spellcasting   | |  2.8
Conjurations   | |  4.6

Action                     |  1- 3 |  4- 6 || total
---------------------------+-------+-------++-------
  Melee: Unarmed           |     2 |       ||     2
         Hand axe          |    88 |    29 ||   117
         Punch             |     1 |       ||     1
   Cast: Magic Dart        |    60 |       ||    60
         Searing Ray       |     1 |     1 ||     2
  Evoke: Wand              |       |     1 ||     1
    Use: Potion            |     1 |       ||     1
         Scroll            |     6 |       ||     6
   Stab: Sleeping          |     3 |     2 ||     5
 Armour: Robe              |    36 |    19 ||    55
  Dodge: Dodged            |    82 |    26 ||   108

Table legend: (Time is in decaauts)
 A = Elapsed time spent in this place.
 B = Non-inter-level travel time spent in this place.
 C = Inter-level travel time spent in this place.
 D = Time resting spent in this place.
 E = Time spent auto-exploring this place.
 F = Levels seen in this place.
 G = Mean time per level.
                   A        B        C        D        E       F      G
               +--------+--------+--------+--------+--------+-----+--------+
         Total |   3417 |   3248 |    169 |    361 |   2253 |   4 |  854.2 |
       Dungeon |   3417 |   3248 |    169 |    361 |   2253 |   4 |  854.2 |
               +--------+--------+--------+--------+--------+-----+--------+

Top non-repeatable levels by time:
     D:3: 1354 daAuts
     D:1: 1139 daAuts
     D:2: 907 daAuts
     D:4: 15 daAuts
